 Dungeon Crawl Stone Soup version 0.23.0-3-gf3c87f2 (webtiles) character file.

Game seed: 7613894824409390171

375 Ninjazero11 the Skirmisher (level 6, -1/56 HPs)
             Began as a Minotaur Fighter on Feb 24, 2019.
             Was an Initiate of Okawaru.
             Slain by lapinsky's ghost (5 damage)
             ... on level 4 of the Dungeon.
             The game lasted 00:12:23 (4164 turns).

Ninjazero11 the Skirmisher (Minotaur Fighter)       Turns: 4164, Time: 00:12:24

Health: -1/56      AC: 15    Str: 21    XL:     6   Next: 44%
Magic:  5/5        EV:  5    Int:  5    God:    Okawaru [......]
Gold:   47         SH:  9    Dex: 11    Spells: 5/5 levels left

rFire    . . .     SeeInvis .   p - +1 war axe (venom)
rCold    . . .     Gourm    +   c - +0 shield
rNeg     . . .     Faith    .   u - +0 plate armour
rPois    .         Spirit   .   (helmet restricted)
rElec    .         Reflect  .   g - +1 cloak
rCorr    .         Harm     .   r - +0 pair of gloves
MR       .....                  (no boots)
Stlth    ..........             q - amulet of the gourmand
HPRegen  0.18/turn              (no ring)
MPRegen  0.09/turn              (no ring)

@: no status effects
A: retaliatory headbutt, horns 2
a: Renounce Religion


You were on level 4 of the Dungeon.
You worshipped Okawaru.
Okawaru was noncommittal.
You were full.

You visited 2 branches of the dungeon, and saw 5 of its levels.

You collected 252 gold pieces.
You spent 205 gold pieces at shops.

Inventory:

Hand Weapons
 l - a +0 mace
 p - a +1 war axe of venom (weapon)
Missiles
 m - 64 arrows
Armour
 c - a +0 shield (worn)
 g - a +1 cloak (worn)
 r - a +0 pair of gloves (worn)
 u - a +0 plate armour (worn)
Jewellery
 q - an amulet of the gourmand (around neck)
Scrolls
 b - 2 scrolls of immolation {unknown}
 i - 5 scrolls of remove curse {unknown}
 j - 3 scrolls of blinking {unknown}
 k - 2 scrolls of teleportation {unknown}
 n - 3 scrolls of noise {unknown}
 s - 2 scrolls of amnesia {unknown}
 w - a scroll of fear
Potions
 d - a potion of might
 e - a potion of flight
 h - 3 potions of curing
Comestibles
 f - 8 rations


   Skills:
 * Level 5.4 Fighting
 * Level 4.7 Axes
 * Level 5.3 Armour
 + Level 2.1 Dodging
 + Level 4.5 Shields


You had 5 spell levels left.
You didn't know any spells.
Your spell library was empty.

Dungeon Overview and Level Annotations

Branches:
Dungeon (4/15)             Temple (1/1) D:4

Altars:
Ashenzari
Cheibriados
Fedhas
Gozag
Hepliaklqana
Kikubaaqudgha
Makhleb
Nemelex Xobeh
Okawaru
Qazlal
Ru
Sif Muna
Trog
Vehumet
Wu Jian
Xom
Yredelemnul
Zin
Beogh

Shops:
D:4 ?

Annotations:
D:4 lapinsky's ghost, novice HOFi


Innate Abilities, Weirdness & Mutations

You reflexively headbutt those who attack you in melee.
You have a pair of horns on your head.


Message History

Lapinsky's ghost hits you!
* * * LOW HITPOINT WARNING * * *
Okay, then.
That item cannot be evoked!
It was a potion of curing.
You feel better. Lapinsky's ghost hits you!
* * * LOW HITPOINT WARNING * * *
Your shield and plate armour prevent you from hitting lapinsky's ghost.
You headbutt lapinsky's ghost, but do no damage.
Lapinsky's ghost is heavily damaged.
You block lapinsky's ghost's attack.
You hit lapinsky's ghost.
Lapinsky's ghost is heavily damaged.
You block lapinsky's ghost's attack. x2
You barely miss lapinsky's ghost.
Lapinsky's ghost is heavily damaged.
You block lapinsky's ghost's attack.
You slash lapinsky's ghost!
Lapinsky's ghost is severely damaged.
Lapinsky's ghost hits you.
You die...

.....##.#.....#...........>......
⌠.⌠..####.....#.......###########
.∩......#..>..#............#
⌠.⌠...###.....#.......####.#
......# #.....#.......# #.#
......#####.###.8####### #.#
.........#...#...#?....8 #.#
.........#.⌠.#...#..##.. #.#
..###....#...###@#..#8.. #.# ..#
#....##.## #W#..##.. #.#
..###....#..# #o#o#.... #.######
.)..#....#.#####ooo#.$.[ #.......
....#............'.#.8._ ########
....##...######..'.#...[
....##..)#....#..#.#....
....##..)#.##.#..#..##..
....##.#.#..#.#..#..#8..


You could see an orc priest, lapinsky's ghost and 4 orcs.

Vanquished Creatures
  An ogre (D:4)
  3 orc wizards
  An iguana (D:4)
  4 gnolls (D:4)
  4 adders
  An ooze (D:3)
  5 worms
  3 dart slugs
  4 leopard geckos
  9 orcs
  2 goblins
  7 hobgoblins
  6 jackals
  A quokka (D:2)
  9 bats
  6 frilled lizards
  4 kobolds
  7 rats
77 creatures vanquished.

Notes
Turn   | Place    | Note
-------+----------+-------------------------------------------
     0 | D:1      | Ninjazero11 the Minotaur Fighter began the quest for the
                  | Orb.
     0 | D:1      | Reached XP level 1. HP: 19/19 MP: 0/0
   235 | D:1      | Reached XP level 2. HP: 23/27 MP: 1/1
   950 | D:2      | Reached XP level 3. HP: 30/33 MP: 2/2
  1225 | D:2      | Reached skill level 1 in Dodging
  1578 | D:3      | Reached XP level 4. HP: 39/41 MP: 3/3
  1597 | D:3      | Noticed a moth of wrath
  1600 | D:3      | Found a bloodstained altar of Trog.
  2059 | D:3      | Reached XP level 5. HP: 40/47 MP: 4/4
  2755 | D:4      | Found Hamamoj's Magic Scroll Emporium.
  2773 | D:4      | Bought a scroll of enchant weapon for 75 gold pieces
  2773 | D:4      | Bought a scroll of enchant armour for 75 gold pieces
  2773 | D:4      | Bought a scroll of identify for 20 gold pieces
  2789 | D:4      | Bought a scroll of fear for 35 gold pieces
  2924 | D:4      | Found a runed translucent gate.
  2924 | D:4      | Noticed lapinsky's ghost (novice HOFi)
  2925 | D:4      | Found a runed translucent gate.
  2927 | D:4      | Found a runed translucent gate.
  2928 | D:4      | Found a roughly hewn altar of Beogh.
  2929 | D:4      | Identified the cursed +0 mace of Valour {drain, rElec rF+
                  | rC+}
  2944 | D:4      | Reached skill level 5 in Fighting
  3024 | D:4      | Found a radiant altar of Vehumet.
  3082 | D:4      | Found a shimmering altar of Xom.
  3083 | D:4      | Found a basalt altar of Yredelemnul.
  3201 | D:4      | Reached skill level 5 in Armour
  3205 | D:4      | Reached XP level 6. HP: 56/56 MP: 5/5
  3830 | D:4      | Found a staircase to the Ecumenical Temple.
  3861 | Temple   | Entered the Ecumenical Temple
  3869 | Temple   | Became a worshipper of Warmaster Okawaru
  4164 | D:4      | Slain by lapinsky's ghost

Skill      XL: |  1  2  3  4  5  6 |
---------------+-------------------+-----
Axes           | 3 4 |  4.7
Fighting       | 4 5 |  5.4
Armour         | 4 5 |  5.3
Dodging        | 1 2 |  2.1
Shields        | 4 |  4.5

Action                   |  1- 3 |  4- 6 || total
-------------------------+-------+-------++-------
Melee: War axe           |    74 |   118 ||   192
       Headbutt          |     6 |    25 ||    31
  Use: Scroll            |       |     4 ||     4
       Potion            |       |     1 ||     1
  Eat: Chunk             |     8 |    13 ||    21
Armor: Scale mail        |    37 |       ||    37
       Chain mail        |    14 |    31 ||    45
       Plate armour      |       |    26 ||    26
Dodge: Dodged            |    31 |    14 ||    45
Block: Shield            |    34 |    60 ||    94
